AoeStats
← 陟遐自迩

African Clearing

506654127Analyzed
4v4 RM · 18d ago on Sep 14, 2026· 27m 51s· 8 players
Game mode
Random Map
Map size
Large (8 player)
Population
200
Speed
Normal
Resources
Standard
Victory
Conquest
Starting age
Dark Age
Ending age
Imperial Age
RankedLock teamsTeams togetherTeam positionsShared explorationLock speedFull tech treeHidden civsTurbo modeCheats
Victory
Defeat
🇮🇱 Magyars · Israel
1091
+16
🇹🇷 Huns · Türkiye
1061
+17
🇫🇷 Franks · France
1036
+18
🇨🇿 Mongols · Czechia
1022
+19
🇹🇼 Mongols · Taiwan
1127
-19
🇨🇳 Jurchens · China
1107
-18
🇩🇪 Celts · Germany
1085
-18
🇺🇸 Hindustanis · United States
1025
-15
Prof. Dr. Abuzer KÖMÜRCÜ
4:41 Loom
14:41 Feudal Age
15:42 Horse Collar
20:30 Castle Age
22:30 Scale Barding Armor
26:32 Forging
Prekvapko, tu Hanz
2:53 Loom
3:04 Loom
13:24 Feudal Age
18:48 Castle Age
16:58 Double-Bit Axe
16:55 Horse Collar
19:55 Bow Saw
20:58 Fletching
25:52 Padded Archer Armor
Sharcks
6:07 Loom
14:16 Feudal Age
15:27 Double-Bit Axe
21:51 Castle Age
20:06 Scale Barding Armor
20:12 Forging
23:15 Stone Mining
23:21 Town Watch
24:41 Wheelbarrow
25:09 Bow Saw
25:47 Hand Cart
27:57 Gold Mining
shalevwood
13:24 Feudal Age
13:58 Double-Bit Axe
15:51 Bloodlines
16:01 Scale Barding Armor
18:21 Horse Collar
20:38 Gold Mining
22:50 Wheelbarrow
25:06 Castle Age
26:07 Light Cavalry
27:04 Husbandry
28:20 Chain Barding Armor
Sqwintz
4:38 Loom
15:23 Feudal Age
16:16 Double-Bit Axe
24:32 Castle Age
Dark_Knight
3:58 Loom
13:45 Feudal Age
18:23 Castle Age
16:27 Double-Bit Axe
18:27 Horse Collar
19:16 Bow Saw
24:41 Gold Mining
25:58 Wheelbarrow
고장난 선풍기
7:42 Loom
15:59 Feudal Age
21:23 Castle Age
19:22 Double-Bit Axe
19:49 Stone Mining
20:10 Gold Mining
23:14 Scale Barding Armor
陟遐自迩
5:25 Loom
18:47 Feudal Age
22:45 Double-Bit Axe
25:03 Castle Age
22:45 Horse Collar
23:16 Stone Mining
25:09 Gold Mining
25:59 Wheelbarrow
25:51 Forging
25:41 Scale Mail Armor
26:14 Fletching
27:22 Elite Skirmisher
Connection lost

Rejoining the realm…

Still unreachable

The connection could not be restored.

Session expired

The server has moved on; the page needs a fresh start.